 Dungeon Crawl Stone Soup version 0.31-a0-152-g6aa68a64a1 (webtiles) character file.

Game seed: 2775461189231513011

17887 qw the Marksminotaur (level 12, -4/112 HPs)
             Began as a Minotaur Hunter on June 9, 2023.
             Slain by Rupert
             ... wielding a +2 battleaxe of freezing
              (6 damage)
             ... on level 3 of the Lair of Beasts.
             The game lasted 00:04:12 (9933 turns).

qw the Marksminotaur (Minotaur Hunter)              Turns: 9933, Time: 00:04:13

Health: -4/112     AC:  6    Str: 16    XL:     12   Next: 22%
Magic:  11/11      EV: 29    Int:  6    God:
Gold:   775        SH:  0    Dex: 30    Spells: 11/11 levels left

rFire   . . .        Y - +2 orcbow (heavy)
rCold   . . .        (shield currently unavailable)
rNeg    . . .        c - +1 robe of Vines {NoPotionHeal Regen++++}
rPois   .            (helmet restricted)
rElec   .            f - +1 cloak
rCorr   .            h - +0 pair of gloves
SInv    .            (no boots)
Will    .....        j - amulet of faith
Stlth   ++           v - ring "Fyolygel" {EV+5 Dex+5}
HPRegen 3.58/turn    g - +6 ring of dexterity
MPRegen 0.12/turn

%: faith
@: about to teleport
A: horns 2, retaliatory headbutt
a: no special abilities


You were on level 3 of the Lair of Beasts.
You visited 3 branches of the dungeon, and saw 15 of its levels.
You also visited: Ossuary.

You collected 835 gold pieces.
You spent 60 gold pieces at shops.


Innate Abilities, Weirdness & Mutations

You have a pair of horns on your head.
You reflexively headbutt those who attack you in melee.


   Skills:
 - Level 12.0 Fighting
 - Level 16.0 Ranged Weapons
 - Level 3.1 Armour
 + Level 11.3 Dodging
 - Level 0.7 Stealth


You had 11 spell levels left.
You didn't know any spells.
Your spell library was empty.

Inventory:

Hand Weapons
 Y - a +2 heavy orcbow (weapon)
Armour
 c - the +1 robe of Vines (worn) {NoPotionHeal Regen++++}
   (You found it on level 8 of the Dungeon)

   NoPotionHeal: Its wearer cannot be healed by potions.
   Regen:     It increases your rate of health regeneration.
 f - a +1 cloak (worn)
 h - a +0 pair of gloves (worn)
 k - the scarf of the Dice {+Inv, rC- rN++ rCorr Str+2}
   (You acquired it on level 10 of the Dungeon)

   Str:       It affects your strength (+2).
   rC:        It makes you vulnerable to cold.
   rN:        It greatly protects you from negative energy.
   rCorr:     It protects you from acid and corrosion.
Jewellery
 g - a +6 ring of dexterity (right hand)
 i - an amulet of reflection
 j - an amulet of faith (around neck)
 v - the ring "Fyolygel" (left hand) {EV+5 Dex+5}
   (You took it off a centaur on level 5 of the Dungeon)

   [ring of evasion]

   EV:        It affects your evasion (+5).
   Dex:       It affects your dexterity (+5).
Scrolls
 b - a scroll of identify
 e - 6 scrolls of teleportation
Potions
 d - 2 potions of resistance
 l - a potion of cancellation
 n - 6 potions of heal wounds
 p - 3 potions of curing
 r - 5 potions of mutation
 t - a potion of haste

Dungeon Overview and Level Annotations

Branches:
Dungeon (11/15)            Temple (1/1) D:4            Lair (3/5) D:10
    Orc (0/2) D:10        Ossuary (visited)
  Swamp: Lair:2-3    Shoals: Lair:2-3     Snake: Lair:2-3    Spider: Lair:2-3

Altars:
Ashenzari
Cheibriados
Dithmenos
Elyvilon
Fedhas
Gozag
Hepliaklqana
Kikubaaqudgha
Makhleb
Qazlal
Ru
Sif Muna
Trog
Uskayaw
Vehumet
Wu Jian
Xom
Yredelemnul
Zin
The Shining One

Shops:
D:2 ?

Annotations:
D:10 2 runed translucent doors
Lair:3 Rupert


Message History

You hear an angry hiss.
Rupert the Wild comes into view.
He is wielding a +2 battleaxe of freezing and wearing a +2 scale mail of positive energy.
You shoot an arrow. The arrow hits the yak!
You kill the yak!
The cane toad closely misses you. You furiously retaliate!
You headbutt the cane toad. You shoot an arrow.
The arrow completely misses the cane toad.
The arrow hits the wolf!
The wolf is severely wounded.
The cane toad misses you.
You shoot an arrow. The arrow hits the cane toad!!
The cane toad is severely wounded.
The cane toad stings you!!
You shoot an arrow. The arrow hits Rupert!!
Rupert is lightly wounded.
You shoot an arrow.
The arrow hits Rupert but does no damage.
Rupert is lightly wounded.
Rupert misses you. You furiously retaliate!
You headbutt Rupert! You shoot an arrow. The arrow hits Rupert!!
Rupert is heavily wounded.
Rupert yells loudly at you.
You suddenly lose the ability to move!
Rupert yells loudly at you.
You shrug off the repeated paralysis!
Rupert roars madly and goes into a rage!
Rupert goes berserk!
Rupert hits you with a +2 battleaxe of freezing!!!
Rupert freezes you.
Rupert hits you with a +2 battleaxe of freezing!!!
Rupert freezes you!
You hear a roar!
You hear an angry hiss.
You can move again.
9933 ||| READING 7 scrolls of teleportation.
As you read the scroll of teleportation, it crumbles to dust.
You feel strangely unstable.
Rupert hits you with a +2 battleaxe of freezing!
Rupert freezes you.
You die...

#.......#
#..######
##.P#
#..##
##..#
##.## }
#..# ...
##.##hh...
#P@@FYY.[#
####hY}...


hh.... %..## ...# ..# .## You could see Rupert (berserk), 3 yaks, a cane toad
and 4 wolves.

Vanquished Creatures
  A hydra (D:8)
  2 catoblepae (Lair:1)
  A cyclops (D:11)
  A black mamba (Lair:1)
  4 cane toads
  A rime drake (Lair:2)
  Maggie (D:6)
  2 kobold demonologists (D:10)
  An unseen horror (D:10)
  5 komodo dragons
  4 trolls
  3 polar bears (Lair:2)
  A shadow (D:9)
  23 yaks
  A vampire (D:11)
  3 basilisks (Lair:2)
  A wraith (D:11)
  A steam dragon (Lair:2)
  Edmund (D:6)
  An acid dragon (D:11)
  Duvessa (D:6)
  9 water moccasins
  2 ice beasts
  5 orc warriors
  3 ogres
  3 wolves (Lair:2)
  8 centaurs
  A phantom (D:5)
  6 kobold brigands
  2 gnoll sergeants
  11 bullfrogs
  2 scorpions
  Dowan (D:6)
  5 killer bees (D:6)
  3 howler monkeys
  2 orc priests
  A gnoll bouda (D:5)
  A hound (D:6)
  3 jellies
  2 sleepcaps
  2 iguanas
  8 orc wizards
  14 mummies
  7 adders
  17 gnolls
  2 white imps (D:6)
  An ufetubus (D:5)
  3 dart slugs
  25 orcs
  4 bats
  3 endoplasms
  2 giant cockroaches (D:3)
  5 hobgoblins
  7 jackals
  36 kobolds
  A quokka (D:5)
  5 ball pythons
  3 frilled lizards
  8 goblins
  2 goblin skeletons (Ossuary)
  A hobgoblin zombie (D:4)
  3 kobold skeletons (Ossuary)
  3 orc skeletons (Ossuary)
  An orc zombie (D:4)
  3 rats
  11 rat skeletons (Ossuary)
306 creatures vanquished.

Notes
Turn   | Place    | Note
-------+----------+-------------------------------------------
     0 | D:1      | qw the Minotaur Hunter began the quest for the Orb.
     0 | D:1      | Reached XP level 1. HP: 18/18 MP: 0/0
     0 | D:1      | 0 ||| qw: Version: 0.2-a-121-gba3a3e5
     0 | D:1      | 0 ||| qw: Game counter: 3219
     0 | D:1      | 0 ||| qw: Always use a shield: true
     0 | D:1      | 0 ||| qw: God list: Okawaru
     0 | D:1      | 0 ||| qw: Allow faded altars: false
     0 | D:1      | 0 ||| qw: Do Orc after D:15 true
     0 | D:1      | 0 ||| qw: Do second Lair branch before Depths: true
     0 | D:1      | 0 ||| qw: Lair rune preference: random
     0 | D:1      | 0 ||| qw: Plans: Normal
     0 | D:1      | 0 ||| PLANNING D:1-11
   401 | D:1      | Found a faded altar of an unknown god.
   568 | D:1      | 568 ||| UPGRADING to ring of resist corrosion.
   569 | D:1      | 569 ||| READING scroll labelled PEIMI VAV.
   572 | D:1      | 572 ||| READING scroll labelled QICZASMOGEM.
   606 | D:1      | 606 ||| READING scroll labelled VITOIMO GEILAU.
   607 | D:1      | 607 ||| READING scroll labelled YRHO VURAATRUA.
   608 | D:1      | 608 ||| DRINKING 2 clear potions.
   609 | D:1      | 609 ||| DROPPING scroll of butterflies.
   651 | D:2      | Reached XP level 2. HP: 25/25 MP: 1/1
   691 | D:2      | Reached skill level 5 in Ranged Weapons
   772 | D:2      | Found Gakkepp's Magic Scroll Boutique.
   780 | D:2      | 780 ||| SHOPLISTING 2 scrolls of enchant weapon (180 gold,
                  | have 68).
   780 | D:2      | 780 ||| SHOPLISTING scroll of acquirement (624 gold, have
                  | 68).
   780 | D:2      | 780 ||| SHOPLISTING scroll of enchant armour (90 gold, have
                  | 68).
   780 | D:2      | 780 ||| BUYING scroll of identify (24 gold).
   780 | D:2      | Bought a scroll of identify for 24 gold pieces
   780 | D:2      | 780 ||| BUYING scroll of teleportation (36 gold).
   780 | D:2      | Bought a scroll of teleportation for 36 gold pieces
   780 | D:2      | 780 ||| SHOPLISTING scroll of teleportation (36 gold, have
                  | 8).
   947 | D:2      | Reached skill level 3 in Fighting
   950 | D:2      | Reached XP level 3. HP: 27/31 MP: 2/2
  1309 | D:2      | 1309 ||| UPGRADING to +1 cloak.
  1314 | D:2      | 1314 ||| UPGRADING to +0 ring mail.
  1324 | D:2      | 1324 ||| DROPPING +0 leather armour.
  1325 | D:2      | 1325 ||| UPGRADING to amulet of reflection.
  1330 | D:2      | 1330 ||| UPGRADING to ring of willpower.
  1331 | D:2      | 1331 ||| UPGRADING to +6 ring of dexterity.
  1333 | D:2      | 1333 ||| READING 3 scrolls labelled YQESCH KAGH.
  1334 | D:2      | 1334 ||| READING scroll labelled YCWODU QILYNI.
  1335 | D:2      | 1335 ||| READING scroll labelled TUAPEROTWOTT.
  1336 | D:2      | 1336 ||| READING 2 scrolls of identify.
  1336 | D:2      | 1336 ||| IDENTIFYING metallic green potion
  1337 | D:2      | 1337 ||| DROPPING potion of ambrosia.
  1338 | D:2      | 1338 ||| DROPPING 2 scrolls of fear.
  1615 | D:3      | Reached skill level 1 in Armour
  1675 | D:3      | Noticed a scorpion
  1680 | D:3      | Killed a scorpion
  1681 | D:3      | Reached skill level 6 in Ranged Weapons
  1681 | D:3      | Reached XP level 4. HP: 38/38 MP: 3/3
  1902 | D:3      | 1902 ||| UPGRADING to ring of protection from fire.
  1904 | D:3      | 1904 ||| READING scroll labelled CISASI MUMMOA.
  1905 | D:3      | 1905 ||| READING 2 scrolls of identify.
  1905 | D:3      | 1905 ||| IDENTIFYING sedimented emerald potion
  1925 | D:4      | Noticed an ogre
  1926 | D:4      | 1926 ||| PLANNING OSSUARY
  1929 | D:4      | Reached XP level 5. HP: 46/46 MP: 4/4
  1932 | D:4      | 1932 ||| STAIRDANCE
  1938 | D:3      | Killed an ogre
  2128 | D:4      | Found a sand-covered staircase.
  2174 | D:4      | 2174 ||| READING scroll labelled ODWEYCS VEHUH.
  2178 | Ossuary  | Entered an ossuary
  2231 | Ossuary  | Reached XP level 6. HP: 56/56 MP: 5/5
  2343 | Ossuary  | Reached skill level 7 in Ranged Weapons
  2566 | Ossuary  | Reached skill level 3 in Dodging
  2810 | Ossuary  | 2810 ||| READING scroll labelled KARETROPEO.
  2811 | Ossuary  | 2811 ||| READING scroll labelled KEIVVI HIERA.
  2812 | Ossuary  | 2812 ||| DRINKING 2 brown potions.
  2813 | Ossuary  | 2813 ||| READING 4 scrolls of identify.
  2813 | Ossuary  | 2813 ||| IDENTIFYING sapphire potion
  2814 | Ossuary  | 2814 ||| READING 3 scrolls of identify.
  2814 | Ossuary  | 2814 ||| IDENTIFYING glowing purple potion
  2815 | Ossuary  | 2815 ||| READING 2 scrolls of identify.
  2815 | Ossuary  | 2815 ||| IDENTIFYING fizzy coppery potion
  2816 | Ossuary  | 2816 ||| DROPPING potion of brilliance.
  2817 | Ossuary  | 2817 ||| DROPPING potion of enlightenment.
  2853 | D:4      | 2853 ||| PLANNING D:1-11
  2996 | D:4      | Found a staircase to the Ecumenical Temple.
  2997 | D:4      | 2997 ||| PLANNING TEMPLE
  2997 | D:4      | 2997 ||| READING 2 scrolls of identify.
  2997 | D:4      | 2997 ||| IDENTIFYING fuming blue potion
  2998 | D:4      | 2998 ||| DROPPING potion of degeneration.
  3003 | Temple   | Entered the Ecumenical Temple
  3166 | Temple   | 3166 ||| PLANNING D:1-11
  3399 | D:4      | 3399 ||| UPGRADING to amulet of faith.
  3427 | D:5      | Entered Level 5 of the Dungeon
  3595 | D:5      | Noticed a water moccasin
  3601 | D:5      | Killed a water moccasin
  3602 | D:5      | Reached skill level 8 in Ranged Weapons
  3602 | D:5      | Reached XP level 7. HP: 53/61 MP: 6/6
  3738 | D:5      | 3738 ||| Stepping ~*~*~tactically~*~*~ (outnumbered).
  3742 | D:5      | 3742 ||| Stepping ~*~*~tactically~*~*~ (outnumbered).
  4081 | D:5      | Identified the ring "Fyolygel" {EV+5 Dex+5}
  4088 | D:5      | Reached skill level 9 in Ranged Weapons
  4220 | D:5      | 4220 ||| SWAPPING to +0 orcbow.
  4221 | D:5      | 4221 ||| DROPPING +0 shortbow.
  4299 | D:5      | Reached XP level 8. HP: 68/68 MP: 7/7
  4372 | D:5      | 4372 ||| DROPPING ring of resist corrosion.
  4373 | D:5      | 4373 ||| DROPPING ring of willpower.
  4374 | D:5      | 4374 ||| DROPPING ring of ice.
  4375 | D:5      | 4375 ||| DROPPING ring of flight.
  4376 | D:5      | 4376 ||| UPGRADING to ring "Fyolygel" {EV+5 Dex+5}.
  4378 | D:5      | 4378 ||| UPGRADING to +6 ring of dexterity.
  4380 | D:5      | 4380 ||| DROPPING ring of protection from fire.
  4381 | D:5      | 4381 ||| READING scroll labelled SOSCHI QAEFF.
  4382 | D:5      | 4382 ||| READING scroll labelled NECROANESA.
  4383 | D:5      | 4383 ||| READING 3 scrolls of identify.
  4383 | D:5      | 4383 ||| IDENTIFYING fizzy black potion
  4384 | D:5      | 4384 ||| READING 2 scrolls of identify.
  4384 | D:5      | 4384 ||| IDENTIFYING bubbling ruby potion
  4385 | D:5      | 4385 ||| DROPPING potion of berserk rage.
  4460 | D:6      | Noticed Duvessa
  4462 | D:6      | Noticed Dowan
  4464 | D:6      | Reached skill level 6 in Fighting
  4465 | D:6      | Killed Duvessa
  4466 | D:6      | Killed Dowan
  4593 | D:6      | Noticed Edmund
  4596 | D:6      | 4596 ||| Stepping randomly (disturbance).
  4597 | D:6      | 4597 ||| UPGRADING to +0 leather armour of poison
                  | resistance.
  4602 | D:6      | Killed Edmund
  4643 | D:6      | 4643 ||| UPGRADING to +0 leather armour of poison
                  | resistance.
  4729 | D:6      | Reached skill level 10 in Ranged Weapons
  4739 | D:6      | Reached skill level 6 in Dodging
  4865 | D:6      | 4865 ||| Stepping ~*~*~tactically~*~*~ (outnumbered).
  4867 | D:6      | 4867 ||| Stepping ~*~*~tactically~*~*~ (outnumbered).
  4871 | D:6      | 4871 ||| Stepping ~*~*~tactically~*~*~ (outnumbered).
  4979 | D:6      | Noticed Maggie
  4984 | D:6      | Killed Maggie
  4985 | D:6      | Reached XP level 9. HP: 79/79 MP: 8/8
  4998 | D:6      | 4998 ||| DROPPING +0 ring mail.
  5086 | D:6      | 5086 ||| DROPPING amulet of the acrobat.
  5087 | D:6      | 5087 ||| READING scroll labelled KAB MEUNYTER.
  5169 | D:7      | Reached skill level 11 in Ranged Weapons
  5213 | D:7      | 5213 ||| Stepping ~*~*~tactically~*~*~ (outnumbered).
  5216 | D:7      | 5216 ||| FLEEEEING.
  5217 | D:7      | 5217 ||| FLEEEEING.
  5218 | D:7      | 5218 ||| FLEEEEING.
  5220 | D:7      | 5220 ||| FLEEEEING.
  5221 | D:7      | 5221 ||| FLEEEEING.
  5222 | D:7      | 5222 ||| FLEEEEING.
  5223 | D:7      | 5223 ||| FLEEEEING.
  5224 | D:7      | 5224 ||| FLEEEEING.
  5225 | D:7      | 5225 ||| FLEEEEING.
  5234 | D:7      | 5234 ||| FLEEEEING.
  5235 | D:7      | 5235 ||| FLEEEEING.
  5236 | D:7      | 5236 ||| FLEEEEING.
  5237 | D:7      | 5237 ||| FLEEEEING.
  5238 | D:7      | 5238 ||| STAIRDANCE
  5335 | D:6      | 5335 ||| DROPPING ring of fire.
  5642 | D:7      | 5642 ||| DRINKING 2 golden potions.
  5643 | D:7      | 5643 ||| READING 2 scrolls of identify.
  5643 | D:7      | 5643 ||| IDENTIFYING metallic red potion
  5644 | D:7      | 5644 ||| DROPPING potion of attraction.
  5669 | D:8      | Reached skill level 12 in Ranged Weapons
  5707 | D:8      | 5707 ||| Stepping ~*~*~tactically~*~*~ (outnumbered).
  5709 | D:8      | 5709 ||| Stepping ~*~*~tactically~*~*~ (outnumbered).
  5713 | D:8      | 5713 ||| Stepping ~*~*~tactically~*~*~ (outnumbered).
  5979 | D:8      | Found the +1 robe of Vines {NoPotionHeal Regen++++}
  5984 | D:8      | Noticed a troll
  5992 | D:8      | Killed a troll
  6072 | D:8      | Noticed a four-headed hydra
  6079 | D:8      | Killed a four-headed hydra
  6080 | D:8      | Reached XP level 10. HP: 35/88 MP: 9/9
  6666 | D:8      | 6666 ||| UPGRADING to +1 robe of Vines {NoPotionHeal
                  | Regen++++}.
  6676 | D:8      | 6676 ||| DROPPING +0 leather armour of poison resistance.
  6677 | D:8      | 6677 ||| DROPPING +0 steam dragon scales.
  6954 | D:9      | Reached skill level 13 in Ranged Weapons
  7103 | D:9      | 7103 ||| Stepping ~*~*~tactically~*~*~ (outnumbered).
  7105 | D:9      | 7105 ||| Stepping ~*~*~tactically~*~*~ (outnumbered).
  7273 | D:10     | Entered Level 10 of the Dungeon
  7282 | D:10     | Reached skill level 9 in Fighting
  7288 | D:10     | Found a large runed translucent door.
  7288 | D:10     | Found a large runed translucent door.
  7306 | D:10     | Reached skill level 9 in Dodging
  7357 | D:10     | 7357 ||| Stepping ~*~*~tactically~*~*~ (outnumbered).
  7364 | D:10     | Reached skill level 14 in Ranged Weapons
  7365 | D:10     | 7365 ||| Stepping ~*~*~tactically~*~*~ (outnumbered).
  7407 | D:10     | 7407 ||| Stepping randomly (disturbance).
  7409 | D:10     | 7409 ||| Stepping randomly (disturbance).
  7415 | D:10     | 7415 ||| Stepping randomly (disturbance).
  7417 | D:10     | 7417 ||| Stepping randomly (disturbance).
  7504 | D:10     | Found a staircase to the Orcish Mines.
  7626 | D:10     | Reached XP level 11. HP: 99/99 MP: 10/10
  7634 | D:10     | Found a staircase to the Lair.
  7674 | D:10     | Found a flagged portal.
  7894 | D:10     | 7894 ||| UPGRADING to +0 pair of gloves.
  7899 | D:10     | 7899 ||| READING scroll labelled GIOPHUDGHEROOC.
  7899 | D:10     | Identified a scroll of acquirement
  7899 | D:10     | 7899 ||| ACQUIRING scarf of the Dice {+Inv, rC- rN++ rCorr
                  | Str+2}
  7899 | D:10     | Acquired the scarf of the Dice {+Inv, rC- rN++ rCorr Str+2}
  8011 | D:11     | 8011 ||| Stepping ~*~*~tactically~*~*~ (outnumbered).
  8013 | D:11     | 8013 ||| Stepping ~*~*~tactically~*~*~ (outnumbered).
  8040 | D:11     | 8040 ||| Stepping ~*~*~tactically~*~*~ (outnumbered).
  8242 | D:11     | 8242 ||| READING scroll of enchant weapon.
  8242 | D:11     | 8242 ||| ENCHANTING +1 heavy orcbow.
  8483 | D:11     | 8483 ||| FLEEEEING.
  8484 | D:11     | 8484 ||| FLEEEEING.
  8593 | D:11     | 8593 ||| PLANNING LAIR
  8637 | Lair:1   | Entered Level 1 of the Lair of Beasts
  8769 | Lair:1   | Reached skill level 15 in Ranged Weapons
  8792 | Lair:1   | Noticed a catoblepas
  8800 | Lair:1   | 8800 ||| Stepping ~*~*~tactically~*~*~ (cloud).
  8803 | Lair:1   | 8803 ||| Stepping ~*~*~tactically~*~*~ (cloud).
  8808 | Lair:1   | 8808 ||| Stepping ~*~*~tactically~*~*~ (cloud).
  8809 | Lair:1   | 8809 ||| Stepping ~*~*~tactically~*~*~ (cloud).
  8810 | Lair:1   | Killed a catoblepas
  8837 | Lair:1   | Reached skill level 16 in Ranged Weapons
  8871 | Lair:1   | Noticed a catoblepas
  8875 | Lair:1   | 8875 ||| Stepping ~*~*~tactically~*~*~ (cloud).
  8878 | Lair:1   | 8878 ||| Stepping ~*~*~tactically~*~*~ (cloud).
  8879 | Lair:1   | 8879 ||| Stepping ~*~*~tactically~*~*~ (cloud).
  8880 | Lair:1   | Killed a catoblepas
  9148 | Lair:1   | 9148 ||| READING 2 scrolls of identify.
  9148 | Lair:1   | 9148 ||| IDENTIFYING sedimented ruby potion
  9149 | Lair:1   | 9149 ||| DROPPING potion of lignification.
  9219 | Lair:2   | Reached XP level 12. HP: 110/110 MP: 11/11
  9335 | Lair:2   | Reached skill level 3 in Armour
  9842 | Lair:2   | 9842 ||| DROPPING ring of see invisible.
  9843 | Lair:2   | 9843 ||| READING scroll labelled WUILYV YFAGO.
  9892 | Lair:3   | Reached skill level 12 in Fighting
  9923 | Lair:3   | Noticed Rupert
  9929 | Lair:3   | Paralysed by Rupert for 4 turns
  9932 | Lair:3   | HP: 23/112 [Rupert/+2 battleaxe of freezing (48)]
  9933 | Lair:3   | 9933 ||| READING 7 scrolls of teleportation.
  9933 | Lair:3   | HP: 2/112 [Rupert/+2 battleaxe of freezing (16)]
  9933 | Lair:3   | Slain by Rupert

Levels and vault maps discovered:
D:1:      psy_arrival_heroes, layout_basic,
          hellmonk_ecumenical_altar_inner_sanctum, hex_intersection
D:2:      layout_basic, serial_shops, shop
D:3:      layout_basic
D:4:      layout_cave_pools, minmay_temple_entry_ruins,
          nicolae_ossuary_entry_giza
D:5:      layout_basic
D:6:      layout_rooms, minivault_25, minmay_misc_feat_chi, uniq_duvessa,
          uniq_maggie, uniq_edmund
D:7:      layout_rooms
D:8:      layout_basic, grunt_ministairs_15, hellmonk_guarded_unrand_vines
D:9:      layout_basic
D:10:     layout_cave_pools, jmf_multi_god_temple2, david_lair_shrubbed,
          orc_0_dummy, enter_bailey_3
D:11:     layout_basic
Temple:   nicolae_temple_bog_church
Lair:1:   layout_misc_corridors, grunt_megastairs_1, uniq_joseph
Lair:2:   layout_chaotic_city, grunt_forest_stairs_basic
Lair:3:   layout_small_grid, swamp_mist_pool, dummy_spider_entry,
          grunt_megastairs_3, infiniplex_staircase_pool, uniq_rupert

Skill      XL: |  1  2  3  4  5  6  7  8  9 10 11 12 |
---------------+-------------------------------------+-----
Ranged Weapons | 5 6 8 9 10 12 14 16 | 16.0
Fighting       | 3 5 7 8 9 11 12 | 12.0
Armour         | 1 2 3 |  3.1
Dodging        | 3 4 6 8 9 10 11 | 11.3
Stealth        | |  0.7

Action                     |  1- 3 |  4- 6 |  7- 9 | 10-12 || total
---------------------------+-------+-------+-------+-------++-------
   Fire: Shortbow          |    86 |   210 |    36 |       ||   332
         Orcbow            |       |       |   171 |   344 ||   515
    Use: Scroll            |     8 |     9 |     6 |     5 ||    28
         Potion            |     1 |     1 |     1 |       ||     3
 Armour: Leather armour    |     6 |       |     7 |       ||    13
         Ring mail         |     1 |    13 |    11 |       ||    25
         Robe              |       |       |       |     5 ||     5
  Dodge: Dodged            |    20 |    31 |   124 |   165 ||   340
  Block: Other             |     1 |     7 |       |       ||     8

Table legend:
 A = Non-vault XP
 B = Vault XP
 C = Vault XP percentage of total XP
 D = Non-vault monster count
 E = Vault monster count
 F = Vault count percentage of total count
                 A         B        C        D         E       F
            +---------+---------+-------+---------+---------+-------
      Total |   21487 |    4067 |  15.9 |     246 |      60 |  19.6
            +---------+---------+-------+---------+---------+-------
        D:1 |      10 |       0 |   0.0 |       7 |       0 |   0.0
        D:2 |      62 |       0 |   0.0 |      16 |       0 |   0.0
        D:3 |     234 |       0 |   0.0 |      14 |       0 |   0.0
        D:4 |      68 |      20 |  22.7 |      11 |       3 |  21.4
        D:5 |     933 |       0 |   0.0 |      25 |       0 |   0.0
        D:6 |     900 |     758 |  45.7 |      30 |       4 |  11.8
        D:7 |    1026 |       0 |   0.0 |      23 |       0 |   0.0
        D:8 |     709 |    1662 |  70.1 |      10 |      11 |  52.4
        D:9 |     991 |       0 |   0.0 |      26 |       0 |   0.0
       D:10 |    3708 |     346 |   8.5 |      23 |       5 |  17.9
       D:11 |    2146 |       0 |   0.0 |      20 |       0 |   0.0
     Lair:1 |    6859 |     298 |   4.2 |      23 |       2 |   8.0
     Lair:2 |    3690 |       0 |   0.0 |      17 |       0 |   0.0
     Lair:3 |     151 |     732 |  82.9 |       1 |       3 |  75.0
    Ossuary |       0 |     251 | 100.0 |       0 |      32 | 100.0
            +---------+---------+-------+---------+---------+-------
